 Dungeon Crawl Stone Soup version 0.30.0-7-g0c4daa9e05 (webtiles) character file.

Game seed: 12572456043178801208

182 Atelerd the Digger (level 5, 0/31 HPs)
             Began as an Octopode Earth Elementalist on May 13, 2023.
             Slain by a gnoll
             ... wielding a +0 club
              (7 damage)
             ... on level 3 of the Dungeon.
             The game lasted 00:02:00 (1974 turns).

Atelerd the Digger (Octopode Earth Elementalist)    Turns: 1974, Time: 00:02:00

Health: 0/31       AC:  1    Str:  8    XL:     5   Next: 62%
Magic:  6/9        EV:  7    Int: 19    God:
Gold:   94         SH:  0    Dex: 12    Spells: 5/10 levels left

rFire   . . .        c - +0 dagger
rCold   . . .        (no shield)
rNeg    . . .        (helmet restricted)
rPois   .            (no amulet)
rElec   .            (no ring)
rCorr   .            (no ring)
SInv    .            (no ring)
Will    .....        (no ring)
Stlth   +++          (no ring)
HPRegen 0.25/turn    (no ring)
MPRegen 0.11/turn    (no ring)
                     (no ring)

%: no passive effects
@: held
A: almost no armour, amphibious, 8 rings, camouflage 1, gelatinous body 1,
(nimble swimmer 1), tentacles
a: no special abilities


You were on level 3 of the Dungeon.
You visited 1 branch of the dungeon, and saw 3 of its levels.

You collected 94 gold pieces.

Inventory:

Hand Weapons
 c - a +0 dagger (weapon)
Scrolls
 b - a scroll of torment {unknown}
 e - a scroll of immolation {unknown}
 f - 2 scrolls of vulnerability {unknown}
 i - a scroll of identify {unknown}
 l - a scroll of magic mapping {unknown}
Potions
 a - a potion of magic
 d - a potion of invisibility {unknown}
 g - 3 potions of curing
 h - 3 potions of might {unknown}
 j - 2 potions of haste {unknown}
 k - a potion of ambrosia {unknown}
 m - 3 potions of attraction {unknown}


   Skills:
 - Level 0.2 Fighting
 - Level 0.2 Short Blades
 + Level 2.1 Dodging
 + Level 4.2 Stealth
 + Level 3.0 Spellcasting
 * Level 1.4 Transmutations
 * Level 4.7 Earth Magic


You had 5 spell levels left.
You knew the following spells:

 Your Spells              Type           Power      Damage    Failure   Level
a - Sandblast             Erth           40%        2d10      2%          1
p - Petrify               Tmut/Erth      14%        N/A       38%         4

Your spell library contained the following spells:

 Spells                   Type           Power      Damage    Failure   Level
 Passwall                 Tmut/Erth      11%        N/A       6%          2
 Sting                    Tmut/Pois      20%        1d4       12%         1
 Stone Arrow              Conj/Erth      22%        3d8       17%         3
 Poisonous Vapours        Pois/Air       4%         N/A       22%         2
 Olgreb's Toxic Radiance  Pois           2%         N/A       83%         4


Dungeon Overview and Level Annotations

Branches:
Dungeon (3/15)

Altars:

Shops:
D:1 =


Innate Abilities, Weirdness & Mutations

You cannot wear most types of armour.
You are amphibious.
You can wear up to eight rings at the same time.
Your skin changes colour to match your surroundings (Stealth+).
Your rubbery body absorbs attacks. (AC +1, EV +1)
((You are camouflaged when in or above water. (Stealth+)))
You have tentacles for arms and can constrict up to eight enemies at once.


Message History

The gnoll moves out of view.
A ball python is nearby!
A gnoll comes into view. It is wielding a +0 club.
You can't see any susceptible monsters within range! (Use Z to cast anyway.)
The ball python hisses angrily.
The gnoll shouts!
A gnoll comes into view. It is wielding a +0 spear.
There are monsters nearby!
A gnoll comes into view. It is wielding a +0 whip.
The gnoll moves out of view.
The blast of sand hits the ball python!
You kill the ball python!
The gnoll shouts! x2
A nearby fungus withers and dies.
There are monsters nearby!
The blast of sand hits the gnoll!
The gnoll is severely wounded.
The blast of sand hits the gnoll!
You kill the gnoll!
The gnoll hits you with a +0 club.
An endoplasm comes into view.
The gnoll hits you with a +0 club.
The gnoll throws a throwing net.
The throwing net hits you.
You become entangled in the net!
The gnoll hits you from afar with a +0 spear.
There are monsters nearby!
Okay, then.
Okay, then.
You struggle against the net.
The gnoll throws a stone.
The stone barely misses you. The gnoll hits you with a +0 club!
* * * LOW HITPOINT WARNING * * *
It was a potion of curing.
You feel better.
The gnoll hits you from afar with a +0 spear!
* * * LOW HITPOINT WARNING * * *
The gnoll hits you with a +0 club.
* * * LOW HITPOINT WARNING * * *
You feel better.
The gnoll hits you from afar with a +0 spear.
The gnoll hits you with a +0 whip.
* * * LOW HITPOINT WARNING * * *
The gnoll hits you with a +0 club!
You die...

....... ..##### .... .##
....# ... ... ....###
##.. ..#. ###...# ##..
..... # #.#.##
#..####.#... ###....###
#.#.......P
.....^...####....gg##...
#####..#........@)†P.#
.†...............g......
)...................P..P
#...............)..~.P⌠.
#.......##.#.##..##.P.⌠⌠
#.......####........P...
#......)# #.>.....P....
#.......# ##.......P...
#.......#


You could see 3 gnolls.

Vanquished Creatures
  An orc priest (D:3)
  Natasha (thrice) (D:2)
  A gnoll (D:3)
  3 adders
  4 worms
  2 orcs (D:3)
  2 bats (D:2)
  An endoplasm (D:1)
  2 giant cockroaches (D:2)
  A goblin (D:1)
  A hobgoblin (D:1)
  A quokka (D:1)
  6 ball pythons
  4 frilled lizards
  3 kobolds
  2 rats (D:2)
37 creatures vanquished.

Notes
Turn   | Place    | Note
-------+----------+-------------------------------------------
     0 | D:1      | Atelerd the Octopode Earth Elementalist began the quest for
                  | the Orb.
     0 | D:1      | Reached XP level 1. HP: 11/11 MP: 3/3
   329 | D:1      | Reached XP level 2. HP: 17/17 MP: 3/5
   422 | D:1      | Found Jesm's Jewellery Boutique.
   756 | D:2      | Noticed Natasha
   761 | D:2      | Killed Natasha
   762 | D:2      | Reached XP level 3. HP: 7/21 MP: 3/6
  1424 | D:2      | Noticed Natasha
  1430 | D:2      | Killed Natasha
  1431 | D:2      | Reached XP level 4. HP: 27/27 MP: 3/7
  1763 | D:2      | Noticed Natasha
  1765 | D:2      | Killed Natasha
  1766 | D:2      | Reached XP level 5. HP: 31/31 MP: 9/9
  1771 | D:2      | Learned a level 4 spell: Petrify
  1974 | D:3      | Slain by a gnoll

Illustrated notes

Levels and vault maps discovered:
D:1:      wheals_arrival_shading, layout_loops_ring, serial_shops,
          nicolae_shop_gaudy_bauble
D:2:      layout_loops_corners, uniq_natasha
D:3:      layout_rooms, shapermc_ecumenical_altar_mp_ritualfount,
          guppyfry_early_lair_pool

Skill      XL: |  1  2  3  4  5 |
---------------+----------------+-----
Stealth        | 3 4 |  4.2
Earth Magic    | 4 |  4.7
Spellcasting   | 3 |  3.0
Fighting       | |  0.2
Short Blades   | |  0.2
Dodging        | |  2.1
Transmutations | |  1.4

Action                     |  1- 3 |  4- 6 || total
---------------------------+-------+-------++-------
  Melee: Dagger            |    17 |     8 ||    25
         Unarmed           |     2 |       ||     2
         Constrict         |     5 |     3 ||     8
         Tentacles         |     3 |     2 ||     5
   Cast: Sandblast         |    20 |    19 ||    39
    Use: Potion            |       |     2 ||     2
   Stab: Sleeping          |     5 |     1 ||     6
         Distracted        |       |     1 ||     1
 Armour: Skin              |     2 |     2 ||     4
  Dodge: Dodged            |    10 |     6 ||    16
